 Dungeon Crawl Stone Soup version 0.20-a0-1020-g7b9e4fe (webtiles) character file.

4135 Duffy the Blocker (level 10, -3/70 HPs)
             Began as a Formicid Fighter on Apr 18, 2017.
             Was a Believer of Makhleb.
             Succumbed to a wolf spider's poison
             ... on level 8 of the Dungeon on Apr 19, 2017.
             The game lasted 00:08:09 (8411 turns).

Duffy the Blocker (Formicid Fighter)                Turns: 8411, Time: 00:08:10

Health: -3/70      AC: 17    Str: 22    XL:     10   Next: 51%
Magic:  0/10       EV:  6    Int:  8    God:    Makhleb [**....]
Gold:   406        SH: 13    Dex: 12    Spells: 9/9 levels left

rFire    . . .     SeeInvis +   A - +1 broad axe (flame)
rCold    . . .     Gourm    .   c - +0 shield
rNeg     . . .     Faith    .   E - +0 plate armour
rPois    .         Spirit   +   (helmet unavailable)
rElec    .         Reflect  .   F - +2 cloak {MR+}
rCorr    .         Harm     .   (no gloves)
MR       ++...                  (no boots)
Stlth    ..........             n - amulet of guardian spirit
Regen    0.3/turn               (no ring)
MPRegen  0.2/turn               (no ring)

@: lethally poisoned (-3 -> -57)
A: permanent stasis, dig shafts and tunnels, four strong arms, antennae 3,
hooves 1, agile 1, sense surroundings 1, shaggy fur 1, weak 1
a: Dig, Shaft Self, Minor Destruction, Renounce Religion


You were on level 8 of the Dungeon.
You worshipped Makhleb.
Makhleb was pleased with you.
You were hungry.

You visited 1 branch of the dungeon, and saw 8 of its levels.

You collected 406 gold pieces.

Inventory:

Hand Weapons
 a - a +0 war axe
 A - a +1 broad axe of flaming (weapon)
Missiles
 r - a throwing net (quivered)
Armour
 c - a +0 shield (worn)
 w - a scarf of cold resistance
 E - a +0 plate armour (worn)
 F - a +2 cloak of magic resistance (worn)
Jewellery
 n - an amulet of guardian spirit (around neck)
Wands
 s - a wand of iceblast (0/15)
 y - a wand of digging (8/24)
 B - a wand of acid (2/15)
 I - a wand of iceblast (6/15)
 K - a wand of polymorph (7/24)
Scrolls
 e - 8 scrolls of identify {unknown}
 g - a scroll of blinking {unknown}
 i - a scroll of recharging {unknown}
 l - 3 scrolls of immolation {unknown}
 o - 3 scrolls of magic mapping {unknown}
 t - 2 scrolls of remove curse {unknown}
 u - a scroll of amnesia {unknown}
 v - a scroll of fog {unknown}
 z - 4 scrolls of teleportation {unknown}
 J - a scroll of brand weapon {unknown}
Potions
 d - a potion of might
 j - a potion of flight {unknown}
 k - 3 potions of mutation {unknown}
 m - a potion of invisibility {unknown}
 p - a potion of agility {unknown}
 q - 6 potions of curing
 x - 2 potions of lignification {unknown}
 C - 3 potions of brilliance {unknown}
 G - a potion of degeneration {unknown}
Comestibles
 b - 3 royal jellies
 f - 7 bread rations
 h - 8 fruits
 D - 3 meat rations
 H - 3 chunks of flesh


   Skills:
 - Level 3.2 Fighting
 + Level 9.8 Axes
 + Level 6.7 Armour
 + Level 11.8 Shields


You had 9 spell levels left.
You didn't know any spells.

Dungeon Overview and Level Annotations

Branches:
Dungeon (8/15)             Temple (0/1) D:7
   Lair: D:8-11

Altars:
Dithmenos
Makhleb
Nemelex Xobeh
Qazlal
Ru
Trog
Yredelemnul
Zin


Innate Abilities, Weirdness & Mutations

You cannot be hasted, slowed, berserked, paralysed or teleported.
You can dig through walls and to a lower floor.
Your four strong arms can wield two-handed weapons with a shield.
You have a pair of large antennae on your head. (SInv)
You have large cloven feet.
You are agile. (Dex +2)
You passively map a small area around you.
You are covered in fur. (AC +1)
You are weak. (Str -2)


Message History

The wolf spider hits you but does no damage.
The wolf spider bites you.
You are lethally poisoned!
The wolf spider poisons you!
You closely miss the wolf spider.
The wolf spider is almost dead.
You feel very sick. The wolf spider hits you.
You block the wolf spider's attack. x2
The wolf spider barely misses you.
Your plate armour prevents you from hitting the wolf spider.
The wolf spider is almost dead.
You feel very sick.
The wolf spider hits you but does no damage.
The wolf spider bites you.
You are more poisoned.
The wolf spider poisons you! The wolf spider hits you!
You block the wolf spider's attack.
Your plate armour prevents you from hitting the wolf spider.
The wolf spider is almost dead.
You die...

## #>.#.##.###.#.%.}# ## # ,
.## #....##.# #.#....##.##)#
..####...###.###.#.._.#$..8..
.................#....#$.....
..###...#######..#....#$....#
, ....#...## #..#.._.#{..8..
###.#....# #..#....##.##.# ,
....#....# #.s#.}.}# ## ,#
##..#.#..## ##@##'#####. ,
#.........# #...........
....####..# ######.#####
.......#..# ..., .#..##.#<.#
* ### * .#........#
.##.##.##.# ** ###.##.##.#
###.##.##.#


You could see a wolf spider.

Vanquished Creatures
  Joseph (D:8)
  A hornet (D:8)
  Grinder (D:6)
  A spriggan (D:8)
  The ghost of Avack the Gusty, an amateur TeAE of Hepliaklqana (D:5)
  Sigmund (D:5)
  Menkaure (D:6)
  Edmund (D:6)
  Duvessa (D:7)
  2 orc warriors
  3 sky beasts
  2 centaurs (D:6)
  A big kobold (D:7)
  Blork the orc (D:6)
  4 bullfrogs
  Dowan (D:7)
  2 scorpions
  9 killer bees
  5 howler monkeys
  2 crimson imps
  3 hounds
  Crazy Yiuf (D:7)
  An orc priest (D:5)
  A bullfrog skeleton (D:7)
  An iguana (D:5)
  9 orc wizards
  2 worker ants
  A hound skeleton (D:4)
  2 worker ant zombies
  11 adders
  A gnoll (D:2)
  A shadow imp (D:7)
  2 adder skeletons
  An adder zombie (D:6)
  4 worms
  2 dart slugs
  4 leopard geckos
  23 orcs
  3 ball pythons
  4 giant cockroaches
  9 goblins
  10 hobgoblins
  5 jackals
  5 quokkas
  4 bats
  7 frilled lizards
  9 kobolds
  A leopard gecko zombie (D:5)
  A quokka skeleton (D:5)
  A quokka zombie (D:5)
  7 rats
  2 fungi (D:7)
179 creatures vanquished.

Notes
Turn   | Place    | Note
-------+----------+-------------------------------------------
     0 | D:1      | Duffy the Formicid Fighter began the quest for the Orb.
     0 | D:1      | Reached XP level 1. HP: 18/18 MP: 1/1
   154 | D:1      | Reached XP level 2. HP: 23/24 MP: 2/2
   185 | D:1      | Reached skill level 4 in Shields
   363 | D:1      | Reached XP level 3. HP: 29/29 MP: 3/3
   973 | D:2      | Reached XP level 4. HP: 22/35 MP: 2/4
  1733 | D:2      | Reached skill level 5 in Shields
  2033 | D:2      | Reached XP level 5. HP: 35/41 MP: 5/5
  2427 | D:3      | Found a sacrificial altar of Ru.
  2532 | D:3      | Found a shadowy altar of Dithmenos.
  2799 | D:3      | Found a basalt altar of Yredelemnul.
  3060 | D:4      | Found a burning altar of Makhleb.
  3060 | D:4      | Noticed a cacodemon
  3061 | D:4      | Found a glowing silver altar of Zin.
  3061 | D:4      | Noticed an angel
  3064 | D:4      | Became a worshipper of Makhleb the Destroyer
  3147 | D:4      | Reached XP level 6. HP: 46/47 MP: 6/6
  3351 | D:4      | Reached skill level 6 in Shields
  3726 | D:5      | Entered Level 5 of the Dungeon
  3726 | D:5      | Noticed a sky beast
  3734 | D:4      | Killed a sky beast
  3785 | D:4      | Gained mutation: You are covered in fur. (AC +1) [mutagenic meat]
  3786 | D:4      | Gained mutation: You have large cloven feet. [mutagenic meat]
  3787 | D:4      | Gained mutation: You are frail. (-10% HP) [mutagenic meat]
  3788 | D:4      | Gained mutation: Your body sometimes deteriorates upon taking damage. [mutagenic meat]
  3789 | D:4      | Lost mutation: Your body sometimes deteriorates upon taking damage. [mutagenic meat]
  3959 | D:5      | Reached skill level 5 in Axes
  3989 | D:4      | Reached XP level 7. HP: 37/46 MP: 5/7
  4120 | D:5      | Reached skill level 7 in Shields
  4191 | D:5      | Noticed Avack's ghost (amateur TeAE)
  4326 | D:6      | Noticed Grinder
  4333 | D:6      | Noticed Edmund
  4343 | D:6      | Killed Edmund
  4353 | D:6      | Killed Grinder
  4353 | D:6      | Reached skill level 8 in Shields
  4353 | D:6      | Reached XP level 8. HP: 46/52 MP: 8/8
  4424 | D:6      | Reached * piety under Makhleb
  4487 | D:6      | Noticed Blork the orc
  4496 | D:6      | Killed Blork the orc
  4596 | D:6      | Noticed Menkaure
  4604 | D:6      | Killed Menkaure
  4712 | D:5      | Reached skill level 9 in Shields
  4843 | D:5      | Killed Avack's ghost
  5001 | D:5      | Reached XP level 9. HP: 45/57 MP: 6/9
  5269 | D:5      | Noticed Sigmund
  5278 | D:5      | Killed Sigmund
  5278 | D:5      | Reached skill level 10 in Shields
  6031 | D:7      | Gained mutation: Armour fits poorly on your strangely shaped body. [mutagenic meat]
  6032 | D:7      | Gained mutation: You passively map a small area around you. [mutagenic meat]
  6033 | D:7      | Lost mutation: You are frail. (-10% HP) [mutagenic meat]
  6034 | D:7      | Gained mutation: You are agile. (Dex +2) [mutagenic meat]
  6035 | D:7      | Lost mutation: Armour fits poorly on your strangely shaped body. [mutagenic meat]
  6036 | D:7      | Gained mutation: You are weak. (Str -2) [mutagenic meat]
  6353 | D:7      | Found a staircase to the Ecumenical Temple.
  6580 | D:6      | Reached skill level 11 in Shields
  6581 | D:6      | Reached skill level 5 in Armour
  6666 | D:6      | Reached XP level 10. HP: 29/70 MP: 8/10
  6950 | D:7      | Found a bloodstained altar of Trog.
  7103 | D:7      | Noticed Duvessa
  7103 | D:7      | Noticed Dowan
  7118 | D:7      | Killed Duvessa
  7124 | D:7      | Killed Dowan
  7124 | D:7      | Reached ** piety under Makhleb
  7560 | D:7      | Found a runed door.
  7564 | D:7      | Noticed Crazy Yiuf
  7570 | D:7      | Killed Crazy Yiuf
  8234 | D:8      | Found a sparkling altar of Nemelex Xobeh.
  8234 | D:8      | Found a stormy altar of Qazlal.
  8235 | D:8      | Noticed a harpy
  8253 | D:8      | Noticed Joseph
  8277 | D:8      | Killed Joseph
  8399 | D:8      | Noticed a wolf spider
  8410 | D:8      | HP: 2/70 [wolf spider (10)]
  8411 | D:8      | Succumbed to a wolf spider's poison

Vault maps used:
D:1:      ncdulo_wetmaze, minmay_misc_feat_pillars
D:2:      first_bread, cheibrodos_gnoll_hut
D:3:      lemuel_coloured_pillars_altar, lemuel_crystal_altar,
          nicolae_ru_great_annihilating_truth
D:4:      grunt_temple_overflow_order_and_chaos_2
D:5:      uniq_sigmund
D:6:      uniq_blork_the_orc, uniq_grinder, uniq_edmund, uniq_menkaure
D:7:      bloody_trog, minmay_temple_entry_large_hall, uniq_crazy_yiuf_cottage,
          uniq_duvessa
D:8:      serial_shops, shop, minivault_1, the_bakery, jmf_multi_god_temple,
          uniq_joseph

Skill      XL: |  1  2  3  4  5  6  7  8  9 10 |
---------------+-------------------------------+-----
Shields        | 4 5 6 8 9 11 | 11.8
Axes           | 3 4 5 6 7 8 9 |  9.8
Armour         | 5 6 |  6.7
Fighting       | |  3.2

Action                   |  1- 3 |  4- 6 |  7- 9 | 10-12 || total
-------------------------+-------+-------+-------+-------++-------
Melee: War axe           |    88 |   177 |       |       ||   265
       Broad axe         |       |   119 |   210 |   118 ||   447
       Kick              |       |    14 |    41 |    31 ||    86
 Abil: Dig               |     1 |       |       |     3 ||     4
Evoke: Wand              |       |       |       |     5 ||     5
 Stab: Paralysed         |       |     3 |       |       ||     3
  Eat: Chunk             |       |    14 |    13 |     5 ||    32
       Royal jelly       |       |       |     2 |       ||     2
Armor: Scale mail        |    30 |       |       |       ||    30
       Chain mail        |     6 |   134 |    44 |       ||   184
       Plate armour      |       |       |    49 |    51 ||   100
Dodge: Dodged            |    40 |    70 |    63 |    18 ||   191
Block: Shield            |    50 |   168 |   150 |    58 ||   426
